 Dungeon Crawl Stone Soup version 0.21-a0-529-g8c7b3f5 (webtiles) character file.

4358 Lavandula the Slicer (level 10, 0/74 HPs)
             Began as a Mummy Chaos Knight on Dec 9, 2017.
             Killed from afar by a crystal guardian (9 damage)
             ... with a crystal bolt
             ... on level 2 of the Abyss.
             The game lasted 00:30:25 (8777 turns).

Lavandula the Slicer (Mummy Chaos Knight)           Turns: 8777, Time: 00:30:26

Health: 0/74       AC: 13    Str: 17      XL:     10   Next: 12%
Magic:  13/13      EV: 12    Int: 12      God:    Xom [*.....]
Gold:   12         SH:  3    Dex: 12 (13) Spells: 9/9 levels left

rFire    . . .     SeeInvis .   y - +1 short sword (elec)
rCold    + . .     Gourm    .   w - -2 buckler
rNeg     + + +     Faith    .   z - +3 scale mail {rF+}
rPois    ∞         Spirit   .   (no helmet)
rElec    .         Reflect  .   h - +0 cloak
rCorr    .         Harm     .   g - +0 pair of gloves
MR       +....                  u - +0 pair of boots
Stlth    ..........             (no amulet)
HPRegen  0.22/turn              (no ring)
MPRegen  0.13/turn              (no ring)

@: liquefying, very slightly contaminated, slowed movement, very slow
A: no food or potions, fire vulnerability, cold resistance 1, negative energy
resistance 3, torment resistance, unbreathing
a: Renounce Religion


You were on level 2 of the Abyss.
You worshipped Xom.
You were a special plaything of Xom.
You were not hungry.

You visited 1 branch of the dungeon, and saw 8 of its levels.
You visited the Abyss 1 time.

You collected 324 gold pieces.
You spent 312 gold pieces at shops.

Inventory:

Hand Weapons
 a - a +1 dagger of venom
 e - a +2 dagger of draining
 o - a +1 falchion of draining
 v - a +4 great sword
 y - a +1 short sword of electrocution (weapon)
Missiles
 l - 9 tomahawks
 m - 3 javelins (quivered)
Armour
 g - a +0 pair of gloves (worn)
 h - a +0 cloak (worn)
 u - a +0 pair of boots (worn)
 w - a -2 buckler (worn)
 z - a +3 scale mail of fire resistance (worn)
Wands
 j - a wand of flame (4)
 s - a wand of digging (11)
 t - a wand of paralysis (6)
 x - a wand of polymorph (15)
Scrolls
 i - 2 scrolls of fear
 k - 2 scrolls of enchant armour {unknown}
 n - a scroll of remove curse
 p - a scroll of random uselessness {unknown}
 q - 2 scrolls of amnesia
 r - a scroll of magic mapping {unknown}


   Skills:
 - Level 5.2 Fighting
 + Level 8.0 Short Blades
 - Level 2.6 Armour
 - Level 5.2 Dodging
 - Level 5.2 Shields
 - Level 4.3 Evocations


You had 9 spell levels left.
You didn't know any spells.

Dungeon Overview and Level Annotations

Branches:
Dungeon (8/15)             Temple (0/1) D:7
   Lair: D:8-11

Altars:
Dithmenos
Fedhas
Gozag
Hepliaklqana
Wu Jian
Yredelemnul

Shops:
D:6 [

Annotations:
D:3 zkyp's ghost, amateur SpGl
D:5 Dowan; Duvessa


Innate Abilities, Weirdness & Mutations

You do not eat or drink.
Your flesh is vulnerable to fire.
You are immune to poison.
Your flesh is cold resistant. (rC+)
You are immune to negative energy. (rN+++)
You are immune to unholy pain and torment.
You can survive without breathing.


Message History

Xom revives you! Xom's power flows through you!
The ground around you becomes liquefied!
Okay, then.
You don't know any spells.
Unknown command.
As you read the scroll of holy word, it crumbles to dust.
You speak a Word of immense power!
You are blasted by holy energy!
* * * LOW HITPOINT WARNING * * *
The large abomination convulses!
You destroy the large abomination!
You feel your dexterity returning.
Your Shields skill increases to level 5!
You have reached level 10!
You feel stronger.
A crystal guardian comes into view.
The crystal guardian fires a crystalline bolt at you.
The crystal bolt freezes you! You resist.
You die...
Xom chortles!

. .#..#...#. #
#...#.##.# # #
.###...# ..#
###..### ..
###.#..#.## .
#.8...#..#
...###...# #
##.## ##..@##
#.....#
...............
....#..(..#....
#...#.#....###...
.#.#........ ..
#...###..#.#. #
.... #.....#. .§
#.#...##.


You could see a crystal guardian.

Vanquished Creatures
  A large abomination (Abyss:2)
  Joseph (D:7)
  A hippogriff (D:7)
  A small abomination (Abyss:2)
  Eustachio (D:6)
  A basilisk (D:6)
  2 water moccasins
  3 slaves (D:6)
  3 ice beasts
  3 phantoms
  2 centaurs
  2 ogres (D:7)
  A crocodile (D:7)
  2 bullfrogs (D:7)
  2 scorpions
  5 killer bees (D:7)
  4 wights
  A howler monkey (D:5)
  A bullfrog zombie (D:7)
  A centaur zombie (D:7)
  A quasit (D:5)
  A hound (D:6)
  3 orc priests
  2 jellies
  A bullfrog skeleton (D:6)
  A gnoll shaman (D:6)
  4 iguanas
  An iron imp (Abyss:2)
  6 orc wizards
  5 worker ants
  14 adders
  8 gnolls
  A shadow imp (D:6)
  An ooze (D:2)
  3 worms
  2 dart slugs
  9 leopard geckos
  25 orcs
  7 bats
  5 giant cockroaches
  4 goblins
  7 hobgoblins
  A jackal (D:1)
  5 quokkas
  6 frilled lizards
  A jackal skeleton (D:4)
  A jackal zombie (D:7)
  11 kobolds
  2 leopard gecko skeletons
  A quokka skeleton (D:6)
  8 rats
  A spectral orc (D:6)
186 creatures vanquished.

Vanquished Creatures (collateral kills)
  An orc wizard (D:5)
  A hound (D:5)
  2 orcs (D:5)
4 creatures vanquished.

Vanquished Creatures (others)
  A slave (D:6)
  Menkaure (D:6)
  10 plants (D:7)
12 creatures vanquished.

Grand Total: 202 creatures vanquished

Notes
Turn   | Place    | Note
-------+----------+-------------------------------------------
     0 | D:1      | Lavandula the Mummy Chaos Knight began the quest for the Orb.
     0 | D:1      | Reached XP level 1. HP: 18/18 MP: 1/1
    39 | D:1      | XOM: harmless Hex miscast
   197 | D:1      | Reached XP level 2. HP: 21/24 MP: 2/2
   198 | D:1      | Reached skill level 3 in Short Blades
   204 | D:1      | XOM: potion effect (invisibility)
   213 | D:1      | XOM: silly message
   719 | D:2      | XOM: potion effect (agility)
   724 | D:2      | Reached XP level 3. HP: 29/29 MP: 3/3
   773 | D:2      | Found an opulent altar of Gozag.
   826 | D:2      | Reached skill level 4 in Short Blades
   831 | D:2      | Reached XP level 4. HP: 32/35 MP: 4/4
   866 | D:2      | XOM: divination: detect creatures
  1004 | D:2      | XOM: harmless Hex miscast
  1620 | D:3      | Reached XP level 5. HP: 39/41 MP: 5/5
  1672 | D:3      | XOM: mild Necr miscast
  1690 | D:3      | XOM: blink monster(s)
  1870 | D:3      | XOM: harmless Air miscast
  1914 | D:3      | XOM: cloud trail
  1944 | D:3      | XOM: potion effect (might)
  1945 | D:3      | Reached skill level 5 in Short Blades
  1950 | D:3      | XOM: divination: magic mapping
  1952 | D:3      | XOM: mild Erth miscast
  2000 | D:3      | Noticed zkyp's ghost (amateur SpGl)
  2001 | D:3      | XOM: noise
  2008 | D:3      | XOM: summons friendly iron imp
  2094 | D:2      | XOM: mild Air miscast
  2303 | D:4      | XOM: noise
  2316 | D:4      | XOM: cast spell 'Disjunction'
  2358 | D:4      | XOM is BORED!
  2358 | D:4      | XOM: 1-stop teleportation journey
  2393 | D:4      | Noticed a centaur
  2399 | D:4      | XOM: potion effect (agility)
  2401 | D:4      | Noticed a phantom
  2405 | D:4      | XOM: polymorph orc -> jackal
  2410 | D:4      | Reached XP level 6. HP: 36/47 MP: 6/6
  2416 | D:4      | XOM: polymorph jackal -> frilled lizard
  2713 | D:5      | Entered Level 5 of the Dungeon
  2718 | D:5      | XOM: 3-stop teleportation journey
  2719 | D:5      | Noticed Duvessa
  2719 | D:5      | Noticed Dowan
  2728 | D:5      | XOM: confusion (+ monsters)
  2836 | D:5      | XOM: mild Chrm miscast
  3220 | D:4      | XOM: cast spell 'Dispersal'
  3238 | D:4      | XOM: enchant monster (good)
  3247 | D:4      | XOM: confuse monster(s)
  3263 | D:4      | Reached skill level 5 in Fighting
  3263 | D:4      | Reached XP level 7. HP: 39/56 MP: 7/7
  3564 | D:5      | XOM: mild Summ miscast
  3630 | D:5      | XOM: divination: detect creatures
  3691 | D:5      | Reached skill level 6 in Short Blades
  3727 | D:5      | XOM: noise
  3913 | D:5      | XOM: confuse monster(s)
  4128 | D:5      | Found a blossoming altar of Fedhas.
  4248 | D:5      | XOM: summons 7 friendly demons
  4304 | D:5      | XOM: chaos upgrade
  4340 | D:5      | XOM: confusion
  4590 | D:5      | XOM: medium Fire miscast
  4713 | D:5      | Reached skill level 7 in Short Blades
  4857 | D:5      | XOM: summons 3 hostile demons
  4858 | D:5      | Noticed a neqoxec
  5106 | D:6      | XOM: mild Erth miscast
  5164 | D:6      | XOM: enchant monster (good)
  5165 | D:6      | Reached XP level 8. HP: 62/62 MP: 8/8
  5238 | D:6      | Noticed Pikel
  5246 | D:6      | Noticed Pikel
  5246 | D:6      | Pikel changed into Pikel the basilisk
  5246 | D:6      | XOM: polymorph Pikel -> Pikel the basilisk
  5254 | D:6      | XOM: enchant monster (bad)
  5260 | D:6      | XOM: harmless Erth miscast
  5266 | D:6      | Killed Pikel the basilisk
  5427 | D:6      | Found a hazy altar of Hepliaklqana.
  5445 | D:6      | XOM: swap monsters
  5463 | D:6      | XOM: mild Tloc miscast
  5466 | D:6      | Reached skill level 8 in Short Blades
  5555 | D:6      | XOM: 4-stop teleportation journey
  5555 | D:6      | Reached skill level 1 in Dodging
  5570 | D:6      | XOM: medium Air miscast
  5579 | D:6      | XOM: mild Tmut miscast
  5677 | D:6      | Killed Menkaure
  5722 | D:6      | Found a basalt altar of Yredelemnul.
  5772 | D:6      | Noticed Eustachio
  5781 | D:6      | XOM: summons friendly iron imp
  5786 | D:6      | XOM: summons friendly iron imp
  5795 | D:6      | XOM: potion effect (curing)
  5816 | D:6      | Killed Eustachio
  5872 | D:6      | XOM: 4-stop teleportation journey
  5981 | D:6      | Found an opulent altar of Gozag.
  5982 | D:6      | Found an ornate altar of the Wu Jian Council.
  5984 | D:6      | XOM: potion effect (agility)
  6182 | D:6      | Found Bucweaw's Armour Emporium.
  6370 | D:7      | XOM: cloud trail
  6664 | D:7      | XOM: summons friendly quasit
  6691 | D:7      | XOM: confuse monster(s)
  6719 | D:7      | XOM: divination: magic mapping
  6733 | D:7      | Reached XP level 9. HP: 52/68 MP: 9/9
  6828 | D:7      | Reached skill level 5 in Dodging
  6870 | D:7      | XOM: summons 4 hostile demons
  6911 | D:7      | XOM: 1-stop teleportation journey
  6920 | D:7      | Found a staircase to the Ecumenical Temple.
  7099 | D:7      | Reached skill level 1 in Evocations
  7113 | D:7      | XOM: blink monster(s)
  7169 | D:6      | XOM: confusion
  7367 | D:7      | XOM: stat loss: -1 Int (11/12)
  7463 | D:7      | Noticed Joseph
  7662 | D:7      | Found a shadowy altar of Dithmenos.
  7833 | D:7      | Reached skill level 1 in Shields
  7849 | D:7      | XOM: mild Tloc miscast
  7981 | D:7      | Killed Joseph
  8218 | D:6      | Bought a +3 scale mail of fire resistance for 312 gold pieces
  8603 | D:8      | XOM: fog
  8612 | D:8      | XOM: medium Tloc miscast
  8612 | D:8      | Cast into level 2 of the Abyss (the capriciousness of Xom)
  8612 | Abyss:2  | Found a corrupted altar of Lugonu.
  8668 | Abyss:2  | XOM: polymorph quasit -> iron imp
  8681 | Abyss:2  | XOM: cleaving
  8697 | Abyss:2  | Noticed a large abomination
  8703 | Abyss:2  | Noticed an efreet
  8706 | Abyss:2  | XOM: summons 2 friendly demons
  8707 | Abyss:2  | XOM: fog
  8727 | Abyss:2  | XOM: swap monsters
  8730 | Abyss:2  | XOM: smoke on damage
  8751 | Abyss:2  | Noticed a smoke demon
  8774 | Abyss:2  | Xom revived you
  8775 | Abyss:2  | XOM: cast spell 'Leda's Liquefaction'
  8776 | Abyss:2  | Killed a large abomination
  8776 | Abyss:2  | Reached skill level 5 in Shields
  8776 | Abyss:2  | Reached XP level 10. HP: 8/74 MP: 13/13
  8777 | Abyss:2  | Noticed a crystal guardian
  8777 | Abyss:2  | Killed from afar by a crystal guardian

Vault maps used:
D:1:      elethiomel_arrival_quiet, serial_bayou_pond_b, minivault_26
D:2:      nicolae_gozag_seed_capital
D:3:      grunt_ministairs_2
D:4:      first_bread, abandoned_shop, grunt_decor_cap
D:5:      fedhas_altar_1, uniq_duvessa
D:6:      yredelemnul_forgotten_temple_becter,
          chequers_temple_overflow_statue_of_worship,
          nicolae_overflow_crystal_walls, serial_shops, shop, uniq_eustachio,
          uniq_menkaure, uniq_pikel
D:7:      nicolae_dithmenos_through_a_glass_darkly, temple_statues,
          minmay_lizard_king, uniq_joseph
D:8:      grunt_lair_entry_orc_guard_hut, hangedman_little_slice_of_home,
          st_stairs_8

Skill      XL: |  1  2  3  4  5  6  7  8  9 |
---------------+----------------------------+-----
Short Blades   | 3 4 5 7 8 |  8.0
Fighting       | 5 |  5.2
Dodging        | 4 5 |  5.2
Evocations     | 4 |  4.3
Armour         | 2 |  2.6
Shields        | 5 |  5.2

Action                   |  1- 3 |  4- 6 |  7- 9 | 10-12 || total
-------------------------+-------+-------+-------+-------++-------
Melee: Short sword       |    34 |       |    81 |       ||   115
       Dagger            |    59 |   236 |   676 |       ||   971
       Falchion          |       |       |    21 |       ||    21
       Great sword       |       |       |     3 |       ||     3
Throw: Javelin           |       |     4 |    20 |       ||    24
       Tomahawk          |       |     3 |       |       ||     3
Evoke: Wand              |       |       |    14 |       ||    14
  Use: Scroll            |       |     3 |     7 |     1 ||    11
 Stab: Sleeping          |     2 |     1 |       |       ||     3
       Paralysed         |       |       |    11 |       ||    11
       Confused          |       |       |     1 |       ||     1
Armor: Leather armour    |    33 |    57 |     4 |       ||    94
       Scale mail        |       |       |   288 |       ||   288
Dodge: Dodged            |    55 |   103 |   312 |       ||   470
Block: Buckler           |       |       |     5 |       ||     5
       Rpst.: Falchion   |       |       |     5 |       ||     5
       Great sword       |       |       |     2 |       ||     2

Table legend:
 A = Spawn XP
 B = Non-spawn XP
 C = Spawn XP percentage of total XP
 D = Spawn monster count
 E = Non-spawn monster count
 F = Spawn count percentage of total count
 G = Total turns spent on level
                    A         B        C        D         E        F      G
               +---------+---------+-------+---------+---------+-------+---------
         Total |     223 |    6004 |   3.6 |       1 |     186 |   0.5 |  8777
               +---------+---------+-------+---------+---------+-------+---------
           D:1 |       0 |      37 |   0.0 |       0 |      24 |   0.0 |   682
           D:2 |       0 |     111 |   0.0 |       0 |      17 |   0.0 |   875
           D:3 |       0 |     178 |   0.0 |       0 |      31 |   0.0 |  1076
           D:4 |       0 |     403 |   0.0 |       0 |      15 |   0.0 |   808
           D:5 |       0 |     604 |   0.0 |       0 |      28 |   0.0 |  1833
           D:6 |       0 |    1116 |   0.0 |       0 |      27 |   0.0 |  1825
           D:7 |       0 |    2555 |   0.0 |       0 |      39 |   0.0 |  1432
           D:8 |       0 |     152 |   0.0 |       0 |       3 |   0.0 |    81
       Abyss:2 |     223 |     848 |  20.8 |       1 |       2 |  33.3 |   165
               +---------+---------+-------+---------+---------+-------+---------
